 Dungeon Crawl Stone Soup version 0.31.0-32-g396128a36d (webtiles) character file.

Game seed: 17604866128051126672

235 Edgeworth the Covered (level 6, 0/39 HPs)
             Began as a Gargoyle Fighter on Apr 22, 2024.
             Slain by a ball python (2 damage)
             ... on level 3 of the Dungeon.
             The game lasted 00:05:06 (2051 turns).

Edgeworth the Covered (Gargoyle Fighter)            Turns: 2051, Time: 00:05:07

Health: 0/39       AC:  0    Str: 22    XL:     6   Next: 6%
Magic:  6/6        EV: 14    Int:  8    God:
Gold:   70         SH:  0    Dex: 14    Spells: 5/5 levels left

rFire   . . .        t - melded +4 club
rCold   . . .        c - melded +0 buckler
rNeg    + . .        b - melded +0 scale mail
rPois   ∞            u - melded +0 helmet
rElec   .            z - melded +0 cloak
rCorr   .            (gloves currently unavailable)
SInv    .            x - melded +0 pair of boots
Will    .....        (no amulet)
Stlth   +            q - melded ring of willpower
HPRegen 0.26/turn    (ring currently unavailable)
MPRegen 0.10/turn

%: no passive effects
@: mighty, bat-form, flying, constricted, very quick
A: fast, flying, no casting, sickness immunity, AC +4, tiny, negative energy
resistance 1, (electricity resistance), torment resistance 1, petrification
resistance
a: no special abilities


You were on level 3 of the Dungeon.
You were a bat.
You visited 1 branch of the dungeon, and saw 3 of its levels.

You collected 70 gold pieces.

Inventory:

Hand Weapons
 a - a +0 flail
 t - a +4 club (melded)
 v - a +4 dagger of venom
Armour
 b - a +0 scale mail (melded)
 c - a +0 buckler (melded)
 u - a +0 helmet (melded)
 x - a +0 pair of boots (melded)
 z - a +0 cloak (melded)
Jewellery
 k - a ring of flight
 o - an amulet of guardian spirit
 q - a ring of willpower (melded)
Wands
 A - a wand of flame (14)
Scrolls
 f - 3 scrolls of teleportation {unknown}
 g - 2 scrolls of identify {unknown}
 i - a scroll of immolation {unknown}
 p - a scroll of fog {unknown}
 s - a scroll of poison {unknown}
 y - a scroll of revelation {unknown}
Potions
 d - 3 potions of might
 e - 5 potions of curing {unknown}
 h - a potion of cancellation {unknown}
 j - a potion of invisibility {unknown}
 l - a potion of degeneration {unknown}
 m - a potion of heal wounds {unknown}
 n - a potion of resistance {unknown}
 r - a potion of magic {unknown}
 w - a potion of lignification {unknown}


   Skills:
 + Level 4.3 Fighting
 + Level 4.0 Maces & Flails
 + Level 4.6 Armour
 + Level 4.1 Shields


You had 5 spell levels left.
You didn't know any spells.
Your spell library contained the following spells:

 Spells                   Type           Power      Damage    Failure   Level
 Lesser Beckoning         Tloc           0%         N/A       54%         2
 Gell's Gravitas          Tloc           0%         N/A       78%         3
 Teleport Other           Tloc           0%         N/A       78%         3
 Ignite Poison            Fire/Alch      0%         N/A       99%         4
 Sticky Flame             Fire/Alch      0%         2d4       99%         4
 Summon Forest            Summ/Tloc      0%         N/A       100%        5
 Summon Mana Viper        Hex/Summ       0%         N/A       100%        5
 Summon Cactus Giant      Summ           0%         N/A       100%        6
 Ignition                 Fire           0%         3d3       100%        8


Dungeon Overview and Level Annotations

Branches:
Dungeon (3/15)

Altars:

Annotations:
D:3 Ijyb


Innate Abilities, Weirdness & Mutations

You are a bat.
You are tiny and dextrous.
You move quickly.
You are flying.
Your equipment is almost entirely melded.
You are incapable of wielding weapons or throwing items.
You cannot cast spells.
You are immune to sickness and miasma.
((Your stone body is resilient. (AC +4)))
You are immune to poison.
You resist negative energy. (rN+)
((You are resistant to electric shocks. (rElec)))
You are resistant to unholy torment.
You are immune to petrification.


Message History

The bat barely misses you. The ball python bites you.
The ball python grabs you. The ball python constricts you.
Ijyb closely misses you. The adder bites you.
You completely miss Ijyb.
Ijyb is moderately wounded.
The bat hits you. The ball python barely misses you.
The ball python constricts you. The bat hits you. Ijyb closely misses you.
The adder closely misses you.
You barely miss Ijyb.
Ijyb is moderately wounded.
The bat completely misses you. The ball python misses you.
The ball python constricts you. The adder closely misses you.
Ijyb hits you with a +2 dagger of draining.
You barely miss Ijyb.
Ijyb is moderately wounded.
The bat hits you. The ball python barely misses you.
The ball python constricts you. The adder misses you.
The rat closely misses you.
Ijyb hits you with a +2 dagger of draining.
The ball python barely misses you. The ball python constricts you.
You feel very mighty all of a sudden. The adder bites you.
The bat completely misses you. The rat barely misses you. Ijyb misses you.
The ball python misses you. The ball python constricts you.
You hit Ijyb but do no damage.
Ijyb is moderately wounded.
The bat closely misses you. The adder bites you.
* * * LOW HITPOINT WARNING * * *
The ball python bites you.
* * * LOW HITPOINT WARNING * * *
The ball python constricts you.
* * * LOW HITPOINT WARNING * * *
The rat misses you.
Ijyb hits you with a +2 dagger of draining.
* * * LOW HITPOINT WARNING * * *
The adder closely misses you.
You hit Ijyb.
Ijyb is moderately wounded.
The bat barely misses you. The adder closely misses you.
The ball python bites you.
You die...

#.# #.# #.#
#.# #
##.#####.##
#........?.
#<.........
####.r.b......
#....Sb.......
#.##.Sg.......
.. #.#.##.####
. .....# .#
.#...## # ..
#... . ....
.#...


You could see Ijyb, an adder, a bat, a ball python and a rat.

Vanquished Creatures
  Crazy Yiuf (D:2)
  Jessica (D:2)
  Natasha (thrice) (D:2)
  Robin (D:2)
  4 adders (D:2)
  An orc (D:3)
  5 ball pythons
  6 endoplasms
  2 giant cockroaches (D:1)
  14 goblins
  5 hobgoblins
  4 jackals (D:1)
  A quokka (D:1)
  4 bats
  3 frilled lizards
  A kobold (D:2)
  7 rats
63 creatures vanquished.

Notes
Turn   | Place    | Note
-------+----------+-------------------------------------------
     0 | D:1      | Edgeworth the Gargoyle Fighter began the quest for the Orb.
     0 | D:1      | Reached XP level 1. HP: 14/14 MP: 1/1
    98 | D:1      | Reached XP level 2. HP: 19/19 MP: 2/2
   787 | D:1      | Reached XP level 3. HP: 23/23 MP: 3/3
  1001 | D:2      | Found a faded altar of an unknown god.
  1036 | D:2      | Noticed Robin
  1073 | D:2      | Reached XP level 4. HP: 25/29 MP: 4/4
  1110 | D:2      | Killed Robin
  1212 | D:2      | Noticed Jessica
  1220 | D:2      | Killed Jessica
  1252 | D:2      | Noticed Natasha
  1258 | D:2      | Killed Natasha
  1259 | D:2      | Reached XP level 5. HP: 15/33 MP: 5/5
  1591 | D:2      | Found a runed translucent door.
  1592 | D:2      | Noticed Crazy Yiuf
  1758 | D:2      | Killed Crazy Yiuf
  1906 | D:2      | Noticed Natasha
  1916 | D:2      | Killed Natasha
  1944 | D:2      | Noticed Natasha
  1951 | D:2      | Killed Natasha
  1952 | D:2      | Reached XP level 6. HP: 29/39 MP: 6/6
  2036 | D:3      | Noticed Ijyb
  2051 | D:3      | Slain by a ball python

Illustrated notes

Levels and vault maps discovered:
D:1:      minmay_arrival_stone_box, layout_basic, minmay_pentomino_z4
D:2:      layout_basic, hellmonk_ecumenical_altar_run_dry, uniq_robin,
          uniq_natasha, uniq_jessica, uniq_crazy_yiuf_cottage
D:3:      layout_rooms, st_stairs_14, goddamned_bats, uniq_ijyb

Skill      XL: |  1  2  3  4  5 |
---------------+----------------+-----
Armour         | 4 |  4.6
Fighting       | 4 |  4.3
Maces & Flails | 3 4 |  4.0
Shields        | 4 |  4.1

Action                     |  1- 3 |  4- 6 || total
---------------------------+-------+-------++-------
  Melee: Flail             |   128 |    29 ||   157
         Club              |       |    62 ||    62
         Unarmed           |       |     8 ||     8
    Use: Potion            |       |     1 ||     1
 Armour: Scale mail        |    85 |    87 ||   172
         Skin              |       |    13 ||    13
  Dodge: Dodged            |    62 |    64 ||   126
  Block: Buckler           |    25 |    25 ||    50
